 Dungeon Crawl Stone Soup version 0.30-a0-134-gb40fab5c76 (webtiles) character file.

Game seed: 11539495792726926092

130 Kinoniko the Slasher (level 5, -5/38 HPs)
             Began as a Merfolk Gladiator on Sept 20, 2022.
             Slain by an orc
             ... wielding a +0 flail
              (8 damage)
             ... on level 4 of the Dungeon.
             The game lasted 00:02:15 (3222 turns).

Kinoniko the Slasher (Merfolk Gladiator)            Turns: 3222, Time: 00:02:15

Health: -5/38      AC:  7    Str: 14    XL:     5   Next: 13%
Magic:  5/5        EV: 13    Int:  8    God:
Gold:   168        SH:  0    Dex: 17    Spells: 4/4 levels left

rFire   . . .      SeeInvis .    a - +0 long sword
rCold   . . .      Faith    .    (no shield)
rNeg    . . .      Spirit   .    r - +1 ring mail {rPois}
rPois   +          Reflect  .    c - +0 helmet
rElec   .          Harm     .    (no cloak)
rCorr   .          Rampage  .    (no gloves)
Will    .....                    (no boots)
Stlth   +.........               (no amulet)
HPRegen 0.12/turn                (no ring)
MPRegen 0.09/turn                (no ring)

@: no status effects
A: (nimble swimmer 2), mertail
a: no special abilities


You were on level 4 of the Dungeon.
You visited 1 branch of the dungeon, and saw 4 of its levels.

You collected 168 gold pieces.

Inventory:

Hand Weapons
 a - a +0 long sword (weapon)
Missiles
 d - 3 throwing nets (quivered)
 e - 7 javelins
Armour
 b - a +0 leather armour
 c - a +0 helmet (worn)
 l - a +0 pair of boots
 o - a +0 chain mail
 r - a +1 ring mail of poison resistance (worn)
Jewellery
 f - a ring of see invisible
Wands
 w - a wand of digging (1)
Scrolls
 h - a scroll of poison
 j - 2 scrolls of magic mapping
 k - 2 scrolls of teleportation
 m - a scroll of noise
 p - 2 scrolls of amnesia
 q - 2 scrolls of immolation {unknown}
 u - a scroll of fog {unknown}
Potions
 i - 3 potions of haste {unknown}
 n - 2 potions of berserk rage {unknown}
 s - a potion of lignification {unknown}
 t - a potion of might {unknown}
 v - a potion of brilliance {unknown}


   Skills:
 - Level 2.1 Fighting
 * Level 6.0 Long Blades
 - Level 2.0 Throwing
 + Level 5.3 Dodging


You had 4 spell levels left.
You didn't know any spells.
Your spell library contained the following spells:

 Spells                   Type           Power      Damage    Failure   Level
 Summon Small Mammal      Summ           0%         N/A       65%         1
 Blink                    Tloc           0%         N/A       80%         2
 Call Canine Familiar     Summ           0%         N/A       95%         3
 Lesser Beckoning         Tloc           0%         N/A       95%         3
 Summon Guardian Golem    Hex/Summ       0%         N/A       95%         3
 Manifold Assault         Tloc           0%         N/A       100%        4


Dungeon Overview and Level Annotations

Branches:
Dungeon (4/15)
 Temple: D:4-7

Altars:
Gozag
Zin


Innate Abilities, Weirdness & Mutations

((You are very nimble when in or above water. (Stealth+, EV+, Speed+++)))
Your lower body shifts to a powerful aquatic tail in water.


Message History

The orc priest calls down the wrath of Beogh upon you.
Pain shoots through your body! The orc wizard closely misses you.
The orc barely misses you.
Unknown command.
You are too injured to fight recklessly!
Unknown command.
You are too injured to fight recklessly!
You are too injured to fight recklessly!
Unknown command.
You are too injured to fight recklessly!
You hit the orc priest.
You kill the orc priest!
The orc wizard closely misses you. The orc hits you but does no damage.
Your Long Blades skill increases to level 6!
You have reached level 5!
You feel clever.
Unknown command.
You are too injured to fight recklessly!
You are too injured to fight recklessly!
Unknown command.
You are too injured to fight recklessly!
You closely miss the orc. The orc wizard casts a spell at you.
You resist with some effort. The orc closely misses you.
The orc hits you but does no damage. The orc barely misses you.
The orc closely misses you.
The orc wizard hits you but does no damage.
Unknown command.
You closely miss the orc wizard. The orc hits you with a +0 whip.
* * * LOW HITPOINT WARNING * * *
The orc wizard barely misses you. The orc hits you with a +0 flail.
* * * LOW HITPOINT WARNING * * *
Unknown command.
Unknown command.
You miss the orc wizard. The orc hits you with a +0 whip.
* * * LOW HITPOINT WARNING * * *
The orc wizard hits you with a +0 dagger.
* * * LOW HITPOINT WARNING * * *
The orc hits you with a +0 flail!
You die...

******,,,,,,*,,,,,,,,*,*
###,,##,,.,,,**,*,,,,
#..,,.,#.##,,,,,*,*,*
#..,..,#...#.####.#,*
#..##...,..#....#.#,*
*#....#.###......#.#.*
*,...o#...#.##...#.#..
*,*#ooo...#...#..#.#.#
*.,,#@##......#..#.#..
*#..#...#.##.......#.#
#......#...#.##...#.#
#.#.##.....#...#..#.#
#,#.#..........#..#..
*,#..........#....#.#
*,####.##............
*,***#.#####.######.#
*,,,,...,,.........<.


You could see an orc wizard and 3 orcs.

Vanquished Creatures
  An orc priest (D:4)
  3 adders
  4 dart slugs
  2 worms (D:2)
  9 bats
  6 endoplasms
  3 giant cockroaches
  8 hobgoblins
  2 jackals (D:3)
  3 quokkas
  4 ball pythons
  3 frilled lizards
  3 goblins
  4 kobolds
  6 rats
61 creatures vanquished.

Vanquished Creatures (others)
  8 plants (D:2)
8 creatures vanquished.

Grand Total: 69 creatures vanquished

Notes
Turn   | Place    | Note
-------+----------+-------------------------------------------
     0 | D:1      | Kinoniko the Merfolk Gladiator began the quest for the Orb.
     0 | D:1      | Reached XP level 1. HP: 16/16 MP: 1/1
    74 | D:1      | Reached skill level 4 in Long Blades
   226 | D:1      | Reached XP level 2. HP: 22/22 MP: 2/2
   720 | D:1      | Reached XP level 3. HP: 19/27 MP: 3/3
  1118 | D:2      | Reached skill level 5 in Long Blades
  1292 | D:2      | Found a faded altar of an unknown god.
  1490 | D:2      | Reached XP level 4. HP: 31/33 MP: 4/4
  2108 | D:3      | Reached skill level 5 in Dodging
  2277 | D:3      | Found a glowing silver altar of Zin.
  2728 | D:3      | Found an opulent altar of Gozag.
  3220 | D:4      | Reached skill level 6 in Long Blades
  3220 | D:4      | Reached XP level 5. HP: 16/38 MP: 5/5
  3222 | D:4      | Slain by an orc

Illustrated notes

Levels and vault maps discovered:
D:1:      scummos_arrival_forest, layout_loops_ring, glass_columns_a,
          minmay_hexomino_c4
D:2:      layout_loops_ring, shapermc_ecumenical_altar_mp_ritualfount
D:3:      layout_basic, pdpol_temple_overflow_zin_treasury_gozag_greed
D:4:      layout_basic, roderic_roman_lattice, minmay_misc_feat_four_crosses,
          hangedman_decor_points, nrook_loot_triangle, minmay_cupped, uniq_robin

Skill      XL: |  1  2  3  4 |
---------------+-------------+-----
Long Blades    | 4 5 6 |  6.0
Dodging        | 5 |  5.3
Fighting       | |  2.1
Throwing       | |  2.0

Action                   |  1- 3 |  4- 6 || total
-------------------------+-------+-------++-------
Melee: Long sword        |   127 |    66 ||   193
       Punch             |     1 |       ||     1
  Use: Scroll            |       |     5 ||     5
 Stab: Sleeping          |     2 |       ||     2
Armor: Leather armour    |    52 |       ||    52
       Ring mail         |       |    19 ||    19
Dodge: Dodged            |   116 |    50 ||   166

Table legend: (Time is in decaauts)
 A = Elapsed time spent in this place.
 B = Non-inter-level travel time spent in this place.
 C = Inter-level travel time spent in this place.
 D = Time resting spent in this place.
 E = Time spent auto-exploring this place.
 F = Levels seen in this place.
 G = Mean time per level.
                   A        B        C        D        E       F      G
               +--------+--------+--------+--------+--------+-----+--------+
         Total |   3251 |   3159 |     92 |      0 |   2682 |   4 |  812.8 |
       Dungeon |   3251 |   3159 |     92 |      0 |   2682 |   4 |  812.8 |
               +--------+--------+--------+--------+--------+-----+--------+

Top non-repeatable levels by time:
     D:3: 1203 daAuts
     D:1: 1060 daAuts
     D:2: 948 daAuts
     D:4: 39 daAuts
